 Dungeon Crawl Stone Soup version 0.29.0-4-gdea44cf6ec (webtiles) character file.

Game seed: 2023993591032567848

315 sentinel the Digger (level 7, -1/50 HPs)
             Began as a Meteoran Earth Elementalist on Aug 27, 2022.
             Slain by an ogre
             ... wielding a +0 giant club
              (28 damage)
             ... on level 4 of the Dungeon.
             The game lasted 00:10:17 (615 turns).

sentinel the Digger (Meteoran Earth Elementalist)    Turns: 615, Time: 00:10:17

Health: -1/50      AC:  4    Str: 11    XL:     7   Next: 3%
Magic:  3/12       EV: 12    Int: 18    God:
Gold:   1326       SH:  0    Dex: 14    Spells: 5/11 levels left

rFire   + . .      SeeInvis .   j - +1 dagger (venom)
rCold   + . .      Faith    .   (no shield)
rNeg    . . .      Spirit   .   a - +0 robe
rPois   .          Reflect  .   (no helmet)
rElec   .          Harm     .   (no cloak)
rCorr   .          Rampage  .   (no gloves)
Will    .....                   (no boots)
Stlth   +.........              (no amulet)
HPRegen 0.16/turn               f - ring of protection from fire
MPRegen 0.13/turn               (no ring)

@: glowing
A: sense surroundings 1, otherworldly, glowing, explore regen, iridescent scales
1, cold resistance 1
a: no special abilities


You were on level 4 of the Dungeon.
You visited 1 branch of the dungeon, and saw 4 of its levels.

You collected 1950 gold pieces.
You spent 624 gold pieces at shops.

Inventory:

Hand Weapons
 i - a +0 war axe
 j - a +1 dagger of venom (weapon)
Armour
 a - a +0 robe (worn)
Magical Staves
 k - a staff of poison {!a}
Jewellery
 f - a ring of protection from fire (left hand)
Scrolls
 c - a scroll of torment
 d - a scroll of brand weapon {unknown}
 g - 2 scrolls of amnesia
 h - a scroll of noise
Potions
 b - a potion of magic
 e - a potion of degeneration
 l - a potion of heal wounds {unknown}


   Skills:
 - Level 2.4 Dodging
 - Level 1.4 Stealth
 - Level 2.6 Spellcasting
 - Level 3.6 Transmutations
 + Level 7.6 Earth Magic


You had 5 spell levels left.
You knew the following spells:

 Your Spells              Type           Power      Damage    Failure   Level
a - Sandblast             Erth           58%        2d13      1%          1
b - Stone Arrow           Conj/Erth      32%        3d9       11%         3
c - Passwall              Tmut/Erth      18%        N/A       2%          2

Your spell library contained the following spells:

 Spells                   Type           Power      Damage    Failure   Level
 Petrify                  Tmut/Erth      22%        N/A       16%         4
 Ignite Poison            Fire/Tmut/Pois 6%         N/A       30%         3
 Mephitic Cloud           Conj/Pois/Air  2%         N/A       45%         3
 Freezing Cloud           Conj/Ice/Air   1%         6-21      99%         5


Dungeon Overview and Level Annotations

Branches:
Dungeon (4/15) Zot: 1756
 Temple: D:4-7

Altars:
Okawaru

Shops:
D:2 **


Innate Abilities, Weirdness & Mutations

You passively map a small area around you.
You are easily found by Zot.
You glow in the dark.
You regain HP and MP as you explore.
You are partially covered in iridescent scales. (AC +2)
Your flesh is cold resistant. (rC+)


Message History

Aim: a black bear (moderately wounded, 77% to hit)
The stone arrow hits the black bear!
The black bear is severely wounded.
Casting: Stone Arrow (quite dangerous; 19% risk of failure)
Confirm with . or Enter, or press ? or * to list all spells.
Aiming: Stone Arrow (quite dangerous; 19% risk of failure)
Press: ? - help, Shift-Dir - straight line, f/p - black bear
Aim: a black bear (severely wounded, 77% to hit)
You miscast Stone Arrow.
You are very lightly contaminated with residual magic.
Nothing appears to happen.
The black bear bites you but does no damage.
The black bear barely misses you. The black bear closely misses you.
Casting: Stone Arrow (quite dangerous; 19% risk of failure)
Confirm with . or Enter, or press ? or * to list all spells.
Aiming: Stone Arrow (quite dangerous; 19% risk of failure)
Press: ? - help, Shift-Dir - straight line, f/p - black bear
Aim: a black bear (severely wounded, 77% to hit)
The stone arrow hits the black bear!
You kill the black bear!
You feel your intelligence returning.
Your Earth Magic skill increases to level 6!
You have reached level 6!
You feel stronger.
There is an escape hatch in the ceiling here.
You see here a black bear corpse.
Your magical contamination has completely faded away.
There is a stone staircase leading up here.
You climb upwards.
There is a stone staircase leading down here.
You climb downwards.
There is a stone staircase leading up here.
Found a stone staircase leading down.
There is a stone staircase leading down here.
You climb downwards.
Magic restored.
The orc shouts!
Found a club.
There is a stone staircase leading up here.
An adder and a jackal come into view.
A jackal comes into view. x2
The adder moves out of view.
The jackal moves out of view. x2
You can't see any susceptible monsters within range! (Use Z to cast anyway.)
The blast of sand hits the ball python!
You kill the ball python!
The jackal barks! x2
The blast of sand hits the adder!
The adder is heavily wounded.
The jackal barks!
A jackal comes into view.
The jackal moves out of view.
The blast of sand misses the adder.
The adder bites you. The adder bites you but does no damage.
The blast of sand hits the adder.
The adder is severely wounded.
The jackal barks!
The adder closely misses you. x2
The jackal bites you but does no damage.
The adder attacks as you move away! The adder barely misses you.
The orc attacks as you move away! The orc hits you with a +0 war axe.
The orc attacks as you move away! The orc hits you but does no damage.
The blast of sand hits the orc!
You kill the orc!
The jackal barely misses you.
The blast of sand hits the jackal!
You kill the jackal!
The adder bites you.
You are poisoned.
The adder poisons you!
The blast of sand hits the adder!
You kill the adder!
You feel very sick.
The jackal bites you but does no damage.
The blast of sand hits the jackal!
You kill the jackal!
You feel sick. The jackal barely misses you.
The blast of sand hits the jackal!!
You kill the jackal!
You feel sick. The jackal bites you.
The blast of sand hits the jackal but does no damage.
You feel sick. The jackal barely misses you. The jackal misses you.
The blast of sand hits the jackal!
You kill the jackal!
You feel sick.
You are no longer poisoned.
Items here: ) †††.
i - a +0 war axe Unknown command.
You open the door.
Found a fuming orange potion.
There is an open door here.
l - a fuming orange potion You open the door.
A scorpion, an adder, a hobgoblin, an orc and an iguana come into view.
The hobgoblin shouts!
The iguana hisses angrily.
You hear a shout!
The adder moves out of view.
Found a fizzy purple potion.
Okay, then.
The blast of sand hits the hobgoblin!
You kill the hobgoblin!
Casting: Sandblast (safe; 1% risk of failure)
Confirm with . or Enter, or press ? or * to list all spells.
Aiming: Stone Arrow (dangerous; 12% risk of failure)
Press: ? - help, Shift-Dir - straight line, f - iguana
Aim: an iguana (72% to hit)
The stone arrow misses the orc.
The stone arrow hits the iguana!
The iguana is almost dead.
The orc barely misses you.
The blast of sand hits the orc.
The orc is heavily wounded.
The orc hits you with a +0 dagger.
An ogre comes into view. It is wielding a +0 giant club.
The orc hits you with a +0 dagger.
The ogre moves out of view.
The blast of sand hits the orc!
You kill the orc!
The adder barely misses you.
The blast of sand hits the adder!
The adder is almost dead.
The adder barely misses you. The adder bites you but does no damage.
The blast of sand hits the adder!
You kill the adder!
The scorpion closely misses you.
Your Earth Magic skill increases to level 7!
The blast of sand hits the scorpion but does no damage.
The scorpion stings you but does no damage.
The scorpion closely misses you.
You hit the scorpion.
The scorpion is poisoned.
The scorpion is lightly wounded.
The scorpion closely misses you.
You hit the scorpion but do no damage.
The scorpion looks as sick as possible!
The scorpion is lightly wounded.
The scorpion stings you!
The blast of sand hits the scorpion!
You kill the scorpion!
There is an open door here.
The iguana attacks as you move away! The iguana misses you.
The blast of sand hits the iguana.
The iguana is almost dead.
The iguana barely misses you. The iguana closely misses you.
The iguana attacks as you move away! The iguana barely misses you.
The iguana attacks as you move away!
The iguana bites you but does no damage.
The blast of sand hits the iguana.
You kill the iguana!
You have reached level 7!
The ogre attacks as you move away!
The ogre hits you with a +0 giant club!!
Found a curved lead wand.
The ogre attacks as you move away!
The ogre hits you with a +0 giant club!!
Ouch! That really hurt!
You die...

#......... *....,
..###........, ##.#.#
#......##...####....# ,. ,
*#####.##...........# ..
*#...#†##..<........#... ,
, +.8.#..#...............
#...##......†..........
†#...#..).####..........
#).8.'......##.O@.......,
*
.#...#...............###**
* #...#....#..........# ,
, +.8.#....#..........# ,,
#...#............##.# ,, ,
#####.........##.# /# *,
..........# .# # * *
.......... .# , , , ,,


You could see an ogre.

Vanquished Creatures
  A black bear (D:3)
  A scorpion (D:4)
  A vampire bat (D:3)
  An iguana (D:4)
  3 gnolls (D:3)
  3 adders
  3 orcs
  5 bats
  An endoplasm (D:3)
  2 giant cockroaches (D:1)
  5 goblins
  3 hobgoblins
  6 jackals
  A quokka (D:2)
  A ball python (D:4)
  2 kobolds (D:1)
  A rat (D:1)
40 creatures vanquished.

Notes
Turn   | Place    | Note
-------+----------+-------------------------------------------
     0 | D:1      | sentinel the Meteoran Earth Elementalist began the quest
                  | for the Orb.
     0 | D:1      | Reached XP level 1. HP: 14/14 MP: 5/5
    56 | D:1      | Reached XP level 2. HP: 14/20 MP: 3/6
    76 | D:1      | Learned a level 2 spell: Passwall
   115 | D:1      | Found a faded altar of an unknown god.
   154 | D:2      | Found Siosaruf's Assorted Antiques.
   231 | D:2      | Reached XP level 3. HP: 26/26 MP: 6/8
   257 | D:2      | Found Efajit's General Store.
   317 | D:3      | Gained mutation: Your flesh is cold resistant. (rC+)
                  | [potion of mutation]
   317 | D:3      | Gained mutation: You are partially covered in iridescent
                  | scales. (AC +2) [potion of mutation]
   332 | D:3      | Reached skill level 4 in Earth Magic
   334 | D:3      | Reached XP level 4. HP: 11/33 MP: 5/9
   377 | D:3      | HP: 1/33 [vampire bat (2)]
   383 | D:3      | Reached skill level 5 in Earth Magic
   383 | D:3      | Reached XP level 5. HP: 2/38 MP: 0/10
   421 | D:3      | Learned a level 3 spell: Stone Arrow
   443 | D:3      | Identified a scroll of acquirement
   476 | D:2      | Acquired 875 gold pieces
   478 | D:2      | Bought a scroll of acquirement for 624 gold pieces
   478 | D:2      | Acquired 1075 gold pieces
   495 | D:3      | Found an iron altar of Okawaru.
   523 | D:3      | Noticed a black bear
   529 | D:3      | Killed a black bear
   530 | D:3      | Reached skill level 6 in Earth Magic
   530 | D:3      | Reached XP level 6. HP: 45/45 MP: 0/11
   591 | D:4      | Noticed an ogre
   595 | D:4      | Reached skill level 7 in Earth Magic
   613 | D:4      | Reached XP level 7. HP: 50/50 MP: 1/12
   615 | D:4      | Slain by an ogre

Illustrated notes

Levels and vault maps discovered:
D:1:      wander_arrival_lonely_grave, layout_basic, basic_ecumenical_altar
D:2:      layout_basic, serial_shops, nicolae_shop_hallway_stairs,
          nicolae_shop_hallway_stairs, shop, shop
D:3:      layout_loops_ring, grunt_temple_overflow_order_and_chaos_2,
          mainiacjoe_overflow_24_doors, minmay_misc_feat_cross, roderic_batcave
D:4:      minmay_chambers_of_threes, layout_basic,
          nicolae_overflow_hallway_of_the_gods,
          mainiacjoe_overflow_concentric_impassable, serial_shops,
          kennysheep_little_box, st_stairs_6, kennysheep_generic_room_14

Skill      XL: |  1  2  3  4  5  6 |
---------------+-------------------+-----
Transmutations | 2 3 |  3.6
Earth Magic    | 4 5 6 7 |  7.6
Dodging        | |  2.4
Stealth        | |  1.4
Spellcasting   | |  2.6

Action                   |  1- 3 |  4- 6 |  7- 9 || total
-------------------------+-------+-------+-------++-------
Melee: Dagger            |     2 |     6 |       ||     8
       Punch             |       |     1 |       ||     1
 Cast: Sandblast         |    26 |    32 |       ||    58
       Passwall          |     4 |     5 |       ||     9
       Stone Arrow       |       |     3 |       ||     3
  Use: Potion            |     2 |       |       ||     2
       Scroll            |       |     6 |       ||     6
Armor: Robe              |     4 |    13 |       ||    17
Dodge: Dodged            |     9 |    34 |       ||    43
